 Dungeon Crawl Stone Soup version 0.23.1 (webtiles) character file.

Game seed: 8870923997501601548

24 zedzed the Chucker (level 3, -6/30 HPs)
             Began as a Ghoul Hunter on Mar 16, 2019.
             Mangled by Sigmund
             ... wielding a +0 scythe
              (12 damage)
             ... on level 2 of the Dungeon.
             The game lasted 00:04:35 (1455 turns).

zedzed the Chucker (Ghoul Hunter)                   Turns: 1455, Time: 00:04:36

Health: -6/30      AC:  3    Str: 16    XL:     3   Next: 2%
Magic:  2/2        EV: 11    Int:  6    God:
Gold:   67         SH:  0    Dex:  9    Spells: 2/2 levels left

rFire    . . .     SeeInvis .     - Unarmed
rCold    + . .     Gourm    .   (no shield)
rNeg     + + +     Faith    .   b - +0 leather armour
rPois    ∞         Spirit   .   (no helmet)
rElec    .         Reflect  .   (no cloak)
rCorr    .         Harm     .   (no gloves)
MR       .....                  (no boots)
Stlth    +.........             (no amulet)
HPRegen  0.00/turn              (no ring)
MPRegen  0.08/turn              (no ring)

@: rotting
A: rotting body, claws 1, carnivore, cold resistance 1, negative energy
resistance 3, inhibited regeneration, torment resistance, unbreathing
a: no special abilities


You were on level 2 of the Dungeon.
You were not hungry.

You visited 1 branch of the dungeon, and saw 2 of its levels.

You collected 67 gold pieces.

Inventory:

Hand Weapons
 a - a +0 short sword
 g - a +0 hunting sling
Missiles
 c - a javelin (quivered)
 d - 2 throwing nets
Armour
 b - a +0 leather armour (worn)
Jewellery
 o - a cursed -3 ring of dexterity {unknown}
Scrolls
 i - 3 scrolls of identify {unknown}
 j - a scroll of magic mapping {unknown}
 l - a scroll of amnesia {unknown}
 m - 2 scrolls of teleportation {unknown}
Potions
 e - 2 potions of degeneration {unknown}
 k - a potion of lignification {unknown}
 n - a potion of haste {unknown}
Comestibles
 f - 4 rations


   Skills:
 + Level 2.7 Fighting
 - Level 3.6 Throwing
 - Level 1.7 Dodging
 - Level 1.1 Stealth
 * Level 2.2 Unarmed Combat


You had 2 spell levels left.
You didn't know any spells.
Your spell library was empty.

Dungeon Overview and Level Annotations

Branches:
Dungeon (2/15)

Altars:

Annotations:
D:2 Sigmund


Innate Abilities, Weirdness & Mutations

Your body is rotting away.
You thrive on raw meat.
You are immune to poison.
You have sharp fingernails.
You are carnivorous and can eat meat at any time.
Your flesh is cold resistant. (rC+)
You are immune to negative energy. (rN+++)
You do not regenerate when monsters are visible.
You are immune to unholy pain and torment.
You can survive without breathing.


Message History

The quokka closely misses you. The quokka barely misses you.
You see here a javelin.
c - 2 javelins (gained 1) Sigmund appears from thin air!
Reactivating autopickup.
Sigmund gestures wildly while chanting.
Sigmund flickers and vanishes!
Deactivating autopickup; reactivate with Ctrl-A.
The quokka closely misses you.
Autopickup is now on.
The quokka barely misses you.
Throwing (i - inventory. (/) - cycle)
c - 2 javelins (quivered)
Press: ? - help, Shift-Dir - straight line You throw a javelin.
The javelin hits the quokka.
The quokka is almost dead.
The quokka barely misses you.
The quokka bites you but does no damage.
Something hits you!
You die...

########### #..@r.....##########
#.#######........(.( #.#
###########. ###########.# #.
#........##.# #. #.#....##....#
#. ## ##.#.##..####### ##.
..#####..##..###...#
##########..
#..##............#.##.......>...


You could see a quokka.

Vanquished Creatures
  An ooze (D:1)
  A leopard gecko (D:1)
  A bat (D:1)
  3 giant cockroaches
  2 goblins (D:1)
  3 hobgoblins (D:1)
  A frilled lizard (D:1)
  2 kobolds (D:1)
  3 rats (D:1)
17 creatures vanquished.

Notes
Turn   | Place    | Note
-------+----------+-------------------------------------------
     0 | D:1      | zedzed the Ghoul Hunter began the quest for the Orb.
     0 | D:1      | Reached XP level 1. HP: 17/17 MP: 0/0
   360 | D:1      | Reached skill level 1 in Unarmed Combat
   360 | D:1      | Reached XP level 2. HP: 20/24 MP: 1/1
  1317 | D:2      | Noticed Sigmund
  1365 | D:2      | Reached XP level 3. HP: 30/30 MP: 2/2
  1455 | D:2      | Mangled by Sigmund

Skill      XL: |  1  2 |
---------------+-------+-----
Unarmed Combat | 1 2 |  2.2
Fighting       | |  2.7
Throwing       | |  3.6
Dodging        | |  1.7
Stealth        | |  1.1

Action                   || total
-------------------------++-------
Melee: Short sword       ||    22
       Unarmed           ||    53
Throw: Javelin           ||     7
 Stab: Sleeping          ||     1
  Eat: Chunk             ||     2
Armor: Leather armour    ||    17
Dodge: Dodged            ||    41
